 Dungeon Sprint DCSS version 0.22.1-1-ga44c0e56f4 (webtiles) character file.

1149 MuseOD the Covert (level 8, -2/45 (46) HPs)
             Began as a Spriggan Enchanter on Sept 26, 2018.
             Was a Believer of Dithmenos.
             Engulfed by a death drake's foul pestilence (9 damage)
             ... in the Dungeon (Sprint II: "The Violet Keep of Menkaure").
             The game lasted 00:02:01 (706 turns).

MuseOD the Covert (Spriggan Enchanter)               Turns: 706, Time: 00:02:01

HP:   -2/45 (46)    AC:  2    Str:  4    XL:     8   Next: 15%
MP:   7/16          EV: 18    Int: 19    God:    Dithmenos [**....]
Gold: 413           SH:  0    Dex: 14    Spells: 5/17 levels left

rFire    . . .     SeeInvis +   a - +1 dagger
rCold    . . .     Gourm    .   (shield restricted)
rNeg     . . .     Faith    .   b - +0 robe
rPois    .         Spirit   .   (helmet restricted)
rElec    .         Reflect  .   (no cloak)
rCorr    .         Harm     .   (gloves unavailable)
MR       +....     NoTele   +   (boots unavailable)
Stlth    +++++++...             (no amulet)
HPRegen  0.00/turn              (no ring)
MPRegen  0.15/turn              (no ring)

@: lethally poisoned (-2 -> -77), non-regenerating, diseased, slowed, wreathed
by umbra, quick
A: very small, unfitting armour, see invisible, clumsy 1, herbivore, speed 3,
slow metabolism 2
a: Shadow Step, Renounce Religion


You were in the Dungeon.
You worshipped Dithmenos.
Dithmenos was pleased with you.
You were not hungry.

You visited 1 branch You collected 413 gold pieces.

Inventory:

Hand Weapons
 a - a +1 dagger (weapon)
Armour
 b - a +0 robe (worn)
Scrolls
 j - a scroll of blinking
Potions
 f - a potion of heal wounds
 g - a potion of haste
 h - 2 potions of magic
Comestibles
 d - a ration


   Skills:
 - Level 7.0 Fighting
 - Level 12.7 Short Blades
 - Level 3.0 Dodging
 + Level 14.2 Stealth
 + Level 5.0 Spellcasting
 + Level 5.5 Hexes


You had 5 spell levels left.
You knew the following spells:

 Your Spells              Type           Power        Failure   Level  Hunger
a - Corona                Hex            ####...      1%          1    None
b - Ensorcelled Hibernat  Hex/Ice        ###...       6%          2    #......
c - Confuse               Hex            ####....     3%          3    ##.....
d - Dazzling Spray        Conj/Hex       ###...       12%         3    ##.....
e - Tukima's Dance        Hex            ####....     3%          3    ##.....

Your spell library contained the following spells:

 Spells                   Type           Power        Failure   Level  Hunger


Dungeon Overview and Level Annotations

Branches:
Dungeon (1/1)

Altars:
Cheibriados
Dithmenos
Elyvilon
Fedhas
Gozag
Hepliaklqana
Kikubaaqudgha
Makhleb
Nemelex Xobeh
Okawaru
Qazlal
Ru
Sif Muna
Trog
Uskayaw
Vehumet
Wu Jian
Xom
Yredelemnul
Zin
The Shining One
Beogh
Jiyva
Lugonu


Innate Abilities, Weirdness & Mutations

You are very small and have problems with some larger weapons.
You are too small for most types of armour.
You have supernaturally acute eyesight. (SInv)
You are a herbivore.
You cover ground extremely quickly.
You need to consume almost no food.
You are clumsy. (Dex -2)


Message History

You're too confused!
You're too confused!
You're too confused!
You feel less confused. The death drake breathes miasma at you.
The foul vapour misses you.
You are engulfed in dark miasma.
You are lethally poisoned!
You feel very sick.
You are engulfed in dark miasma.
You are more poisoned.
You feel your flesh rotting away!
You feel ill.
* * * LOW HITPOINT WARNING * * *
x2 You feel very sick.
A spear hits the swamp drake!
You hit the death drake.
The death drake is lightly wounded.
You are engulfed in dark miasma.
You are more poisoned.
You die... ##≈...### #e≈.....# #....# ## +...(# k# .. ####§# .# ## ##.####.÷§§##.# H# #H ...#..#§.k# # .#$ ## ..#####k.# $!($)

##. #+# #.##..#@k§k.# ▓!($[!!
#.w$##.####†#..#§§#.(# ▓!$$![)
#+.<.'.##+.§####§.### ▓!()?!!
#.w.##.##..†#....###...##▓▓▓▓▓▓▓
##. #+###.##......≈≈≈≈≈≈≈≈≈≈≈≈≈
# ##.####≈≈.....≈#+########'#
#§#≈≈≈≈†≈≈§.≈#....._..#§§
##≈≈≈≈≈≈≈§§≈#...._._.#§§
#≈≈≈≈≈≈≈≈≈≈≈#..._._._#3§


You could see a death drake and 2 swamp drakes.

Vanquished Creatures
  A tyrant leech (D)
  3 slime creatures (D)
  2 wyverns (D)
  A neqoxec (D)
  A crocodile (D)
  3 worms (D)
11 creatures vanquished.

Vanquished Creatures (others)
  2 neqoxecs (D)
  A crocodile (D)
3 creatures vanquished.

Grand Total: 14 creatures vanquished

Notes
Turn   | Place    | Note
-------+----------+-------------------------------------------
     0 | D        | MuseOD the Spriggan Enchanter began the quest for the Orb.
     0 | D        | Reached XP level 1. HP: 9/9 MP: 5/5
     4 | D        | Noticed a hippogriff
     4 | D        | Noticed a hippogriff
     8 | D        | Noticed a neqoxec
    11 | D        | Noticed a tyrant leech
    11 | D        | Noticed a tyrant leech
    19 | D        | Noticed a crimson imp
    22 | D        | Gained mutation: You are clumsy. (Dex -2) [a neqoxec]
    30 | D        | Killed a neqoxec
    30 | D        | Reached skill level 8 in Stealth
    30 | D        | Reached XP level 2. HP: 5/17 MP: 6/6
    30 | D        | Reached XP level 3. HP: 6/21 MP: 8/8
    30 | D        | Reached XP level 4. HP: 7/25 MP: 9/9
    63 | D        | Learned a level 2 spell: Ensorcelled Hibernation
    67 | D        | Learned a level 3 spell: Confuse
   134 | D        | Killed a neqoxec
   261 | D        | Killed a crocodile
   270 | D        | Reached skill level 9 in Stealth
   270 | D        | Reached XP level 5. HP: 29/29 MP: 5/10
   285 | D        | Found a blossoming altar of Fedhas.
   286 | D        | Found a white marble altar of Elyvilon.
   287 | D        | Found a shadowy altar of Dithmenos.
   287 | D        | Found a corrupted altar of Lugonu.
   287 | D        | Found an opulent altar of Gozag.
   287 | D        | Found a burning altar of Makhleb.
   288 | D        | Found a snail-covered altar of Cheibriados.
   288 | D        | Found an ancient bone altar of Kikubaaqudgha.
   288 | D        | Found a bloodstained altar of Trog.
   289 | D        | Found a roughly hewn altar of Beogh.
   289 | D        | Found a viscous altar of Jiyva.
   289 | D        | Found a deep blue altar of Sif Muna.
   290 | D        | Found a hazy altar of Hepliaklqana.
   290 | D        | Found a sacrificial altar of Ru.
   291 | D        | Found a shimmering altar of Xom.
   292 | D        | Found a stormy altar of Qazlal.
   292 | D        | Found an ornate altar of the Wu Jian Council.
   292 | D        | Found a sparkling altar of Nemelex Xobeh.
   292 | D        | Found a hide-covered altar of Uskayaw.
   292 | D        | Found a basalt altar of Yredelemnul.
   292 | D        | Found a glowing golden altar of the Shining One.
   293 | D        | Found a radiant altar of Vehumet.
   293 | D        | Found an iron altar of Okawaru.
   293 | D        | Found a glowing silver altar of Zin.
   296 | D        | Noticed a neqoxec
   296 | D        | Noticed a crocodile
   297 | D        | Became a worshipper of Dithmenos the Shadowed
   298 | D        | Noticed a crocodile
   302 | D        | Killed a tyrant leech
   302 | D        | Reached skill level 5 in Fighting
   302 | D        | Reached skill level 10 in Stealth
   302 | D        | Reached XP level 6. HP: 35/35 MP: 2/11
   313 | D        | Killed a neqoxec
   328 | D        | Noticed a slime creature
   329 | D        | Noticed a slime creature
   329 | D        | Noticed a slime creature
   330 | D        | Killed a slime creature
   330 | D        | Reached skill level 11 in Stealth
   331 | D        | Killed a slime creature
   331 | D        | Reached * piety under Dithmenos
   331 | D        | Reached skill level 12 in Stealth
   331 | D        | Reached XP level 7. HP: 41/41 MP: 5/12
   333 | D        | Killed a slime creature
   333 | D        | Reached skill level 13 in Stealth
   340 | D        | Learned a level 3 spell: Dazzling Spray
   346 | D        | Noticed a wyvern
   347 | D        | Noticed a wyvern
   348 | D        | Killed a wyvern
   348 | D        | Reached ** piety under Dithmenos
   351 | D        | Killed a wyvern
   351 | D        | Reached skill level 14 in Stealth
   351 | D        | Reached skill level 5 in Hexes
   351 | D        | Reached XP level 8. HP: 25/46 MP: 3/16
   461 | D        | Reached skill level 5 in Spellcasting
   465 | D        | Noticed a deep elf master archer
   689 | D        | Learned a level 3 spell: Tukima's Dance
   690 | D        | Noticed a death drake
   698 | D        | Noticed a death drake
   706 | D        | Engulfed by a death drake's foul pestilence

Skill      XL: |  1  2  3  4  5  6  7  8 |
---------------+-------------------------+-----
Fighting       | 3 5 6 7 |  7.0
Short Blades   | 7 9 12 | 12.7
Stealth        | 8 9 10 12 14 | 14.2
Spellcasting   | 4 5 |  5.0
Hexes          | 5 |  5.5
Dodging        | |  3.0

Action                   |  1- 3 |  4- 6 |  7- 9 || total
-------------------------+-------+-------+-------++-------
Melee: Dagger            |    12 |     6 |     5 ||    23
 Cast: Ensorcelled Hiber |       |     5 |     6 ||    11
       Confuse           |       |       |     2 ||     2
  Use: Potion            |     1 |       |     1 ||     2
 Stab: Sleeping          |       |     6 |     4 ||    10
Dodge: Dodged            |     1 |       |     3 ||     4
